 Dungeon Crawl Stone Soup version 0.29-a0-9-g022ca4c890 (webtiles) character file.

Game seed: 5280118420655250424

15131 Grim the Basher (level 12, -7/102 HPs)
             Began as a Formicid Fighter on Jan 28, 2022.
             Mangled by a six-headed hydra (shapeshifter) (8 damage)
             ... on level 9 of the Dungeon.
             The game lasted 00:18:37 (11836 turns).

Grim the Basher (Formicid Fighter)                 Turns: 11836, Time: 00:18:38

Health: -7/102     AC: 12    Str: 28    XL:     12   Next: 53%
Magic:  0/12       EV: 11    Int:  8    God:
Gold:   948        SH:  6    Dex: 20    Spells: 11/11 levels left

rFire   . . .      SeeInvis +   H - +2 whip (elec)
rCold   . . .      Faith    .   c - +0 buckler
rNeg    + . .      Spirit   +   J - +0 plate armour
rPois   +          Reflect  .   (helmet unavailable)
rElec   .          Harm     .   D - scarf {repulsion}
rCorr   .          Rampage  .   (no gloves)
Will    +....                   s - +0 pair of boots
Stlth   ..........              u - amulet of guardian spirit
HPRegen 0.27/turn               E - ring of positive energy
MPRegen 0.13/turn               I - ring "Gomag" {rPois Str+6 Int-4 Dex+10 Stlth-}

@: repel missiles
A: permanent stasis, dig shafts and tunnels, antennae 3, four strong arms
a: Dig, Shaft Self


You were on level 9 of the Dungeon.
You visited 1 branch of the dungeon, and saw 10 of its levels.
You also visited: Bailey.

You collected 1128 gold pieces.
You spent 180 gold pieces at shops.

Inventory:

Hand Weapons
 A - a +2 flail of holy wrath
 H - a +2 whip of electrocution (weapon)
Missiles
 k - 257 stones
 t - 18 poisoned darts
 F - 15 boomerangs
 G - 6 datura-tipped darts (quivered)
Armour
 c - a +0 buckler (worn)
 s - a +0 pair of boots (worn)
 D - a scarf of repulsion (worn)
 J - a +0 plate armour (worn)
Jewellery
 f - a ring of protection from cold
 n - an amulet of magic regeneration
 u - an amulet of guardian spirit (around neck)
 E - a ring of positive energy (left hand)
 I - the ring "Gomag" (right hand) {rPois Str+6 Int-4 Dex+10 Stlth-}
   (You found it on level 10 of the Dungeon)

   [ring of strength]

   Str:       It affects your strength (+6).
   Int:       It affects your intelligence (-4).
   Dex:       It affects your dexterity (+10).
   rPois:     It protects you from poison.
   Stlth:     It makes you less stealthy.
Wands
 q - a wand of digging (12)
Scrolls
 h - a scroll of noise {unknown}
 j - 2 scrolls of fear {unknown}
 l - a scroll of immolation {unknown}
 m - 2 scrolls of blinking {unknown}
 o - a scroll of enchant weapon {unknown}
 p - 2 scrolls of teleportation {unknown}
 r - 2 scrolls of holy word {unknown}
 w - a scroll of torment {unknown}
 y - 3 scrolls of summoning {unknown}
 B - a scroll of brand weapon {unknown}
Potions
 d - 4 potions of flight
 e - 4 potions of curing
 g - 2 potions of attraction
 i - a potion of heal wounds
 v - 2 potions of haste
 z - a potion of resistance {unknown}


   Skills:
 * Level 11.8 Fighting
 - Level 14.0 Maces & Flails
 - Level 3.2 Armour
 - Level 8.1 Dodging
 - Level 3.6 Shields


You had 11 spell levels left.
You didn't know any spells.
Your spell library contained the following spells:

 Spells                   Type           Power      Damage    Failure   Level
 Hailstorm                Conj/Ice       0%         3d3       100%        4
 Ice Form                 Ice/Tmut       0%         N/A       100%        4
 Passage of Golubria      Tloc           0%         N/A       100%        4
 Summon Ice Beast         Ice/Summ       0%         N/A       100%        4
 Silence                  Hex/Air        0%         N/A       100%        5
 Summon Mana Viper        Hex/Summ       0%         N/A       100%        5
 Simulacrum               Ice/Necr       0%         N/A       100%        6
 Monstrous Menagerie      Summ           0%         N/A       100%        7
 Lehudib's Crystal Spear  Conj/Erth      0%         10d2      100%        8


Dungeon Overview and Level Annotations

Branches:
Dungeon (10/15)              Lair (0/6) D:10            Orc (0/2) D:10
 Bailey (visited)
 Temple: D:4-7

Altars:
Ashenzari
Cheibriados
Elyvilon
Hepliaklqana
Kikubaaqudgha
Ru
Sif Muna
Uskayaw
Xom
Yredelemnul

Shops:
D:8 *

Annotations:
D:7 Harold


Innate Abilities, Weirdness & Mutations

You cannot be hasted, slowed, berserked, paralysed or teleported.
You can dig through walls and to a lower floor.
You have a pair of large antennae on your head. (SInv)
Your four strong arms can wield two-handed weapons with a shield.


Message History

You hit the six-headed hydra.
The six-headed hydra is moderately wounded.
You barely miss the six-headed hydra.
The six-headed hydra is moderately wounded.
The six-headed hydra bites you but does no damage.
You block the six-headed hydra's attack.
The six-headed hydra bites you.
* * * LOW HITPOINT WARNING * * *
The six-headed hydra bites you but does no damage.
The six-headed hydra bites you.
* * * LOW HITPOINT WARNING * * *
The six-headed hydra bites you!
* * * LOW HITPOINT WARNING * * *
You barely miss the six-headed hydra.
The six-headed hydra is moderately wounded.
Unknown command.
You hit the six-headed hydra.
The six-headed hydra is moderately wounded.
The six-headed hydra barely misses you. The six-headed hydra bites you!
* * * LOW HITPOINT WARNING * * *
The six-headed hydra bites you!
* * * LOW HITPOINT WARNING * * *
The six-headed hydra bites you.
* * * LOW HITPOINT WARNING * * *
You block the six-headed hydra's attack.
The six-headed hydra bites you but does no damage.
Are you sure you want to shaft yourself?
You block the six-headed hydra's attack.
The six-headed hydra bites you!
* * * LOW HITPOINT WARNING * * *
The six-headed hydra barely misses you.
The six-headed hydra closely misses you.
The six-headed hydra bites you but does no damage.
The six-headed hydra bites you!
* * * LOW HITPOINT WARNING * * *
You begin to dig a shaft.
You continue digging a shaft.
The six-headed hydra misses you.
You block the six-headed hydra's attack.
The six-headed hydra barely misses you. The six-headed hydra bites you!
You die...

...................####..........
###............###..####.#.#.#.#.
###........##.. ##..............
##..#.....####. ##..####.#.#.#.
#..##..##.# #.# #.### #..###...
..##..##..####..###.# #........
.###.##.....###..#.## ##...###.
.##..#....##.....#.# ##..####.
.......##.# #.D@..## ##...###.#
......###.# ###....####........#
###...###.## ##..................
#........###..............#....
###........##.............###....
.......................#..####...
............##........###..##..#.
..###.....######.....####.....###
.## ###...## ##...###......##


You could see a six-headed hydra.

Vanquished Creatures
  3 two-headed ogres
  An orc knight (Bailey)
  Grinder (D:3)
  A hornet (D:9)
  Sigmund (D:2)
  A shadow (D:10)
  A vampire (D:10)
  2 wraiths
  A wyvern (D:10)
  9 yaks
  Eustachio (D:6)
  3 basilisks (D:10)
  A steam dragon (D:6)
  2 water moccasins (D:10)
  7 orc warriors
  2 necrophages
  2 sky beasts
  3 black bears
  2 ogres
  3 centaurs
  2 kobold brigands (D:10)
  Blork the orc (D:6)
  A wyvern zombie (D:8)
  2 scorpions (D:10)
  A water moccasin skeleton (D:5)
  6 killer bees (D:8)
  4 wights (D:9)
  2 bullfrog zombies (D:6)
  A centaur zombie (D:8)
  3 hounds
  An orc priest (D:5)
  A jelly (D:6)
  A bullfrog skeleton (D:5)
  An iguana (D:6)
  A scorpion zombie (D:5)
  Ijyb (D:3)
  5 orc wizards
  2 howler monkey zombies
  6 adders
  2 gnolls
  4 ufetubi
  An adder skeleton (D:4)
  A worm (D:2)
  2 dart slugs
  14 orcs
  4 bats
  5 endoplasms
  2 giant cockroaches
  10 goblins
  11 hobgoblins
  11 jackals
  4 quokkas
  7 ball pythons
  A frilled lizard (D:1)
  14 kobolds
  5 rats
  A bush (D:5)
188 creatures vanquished.

Vanquished Creatures (others)
  4 fungi (D:10)
  21 plants
  14 toadstools (D:8)
39 creatures vanquished.

Grand Total: 227 creatures vanquished

Notes
Turn   | Place    | Note
-------+----------+-------------------------------------------
     0 | D:1      | Grim the Formicid Fighter began the quest for the Orb.
     0 | D:1      | Reached XP level 1. HP: 18/18 MP: 1/1
    78 | D:1      | Reached XP level 2. HP: 24/24 MP: 2/2
   299 | D:1      | Reached skill level 3 in Maces & Flails
   743 | D:1      | Reached XP level 3. HP: 23/29 MP: 3/3
  1401 | D:2      | Reached skill level 4 in Maces & Flails
  1401 | D:2      | Reached XP level 4. HP: 35/35 MP: 4/4
  1602 | D:2      | Found a white marble altar of Elyvilon.
  1652 | D:2      | Noticed Sigmund
  1821 | D:2      | Killed Sigmund
  1822 | D:2      | Reached skill level 6 in Maces & Flails
  1822 | D:2      | Reached XP level 5. HP: 12/41 MP: 5/5
  1822 | D:2      | Reached XP level 6. HP: 14/47 MP: 6/6
  2279 | D:3      | Noticed Ijyb
  2290 | D:3      | Killed Ijyb
  2351 | D:3      | Noticed Grinder
  2385 | D:3      | Killed Grinder
  2386 | D:3      | Reached skill level 7 in Maces & Flails
  2386 | D:3      | Reached XP level 7. HP: 27/52 MP: 7/7
  3563 | D:4      | Found a hazy altar of Hepliaklqana.
  3586 | D:4      | Reached skill level 8 in Maces & Flails
  3689 | D:4      | Identified the +1 robe "Daclanwu" {*Corrode rF+ Archmagi}
  3814 | D:5      | Entered Level 5 of the Dungeon
  3821 | D:5      | Reached XP level 8. HP: 33/58 MP: 4/8
  3968 | D:5      | Found a broken altar of Ashenzari.
  4290 | D:5      | Reached skill level 9 in Maces & Flails
  4420 | D:5      | Found a hide-covered altar of Uskayaw.
  4431 | D:5      | Found a snail-covered altar of Cheibriados.
  4556 | D:5      | Found a sacrificial altar of Ru.
  4582 | D:5      | Noticed a wraith
  4590 | D:5      | Killed a wraith
  4591 | D:5      | Reached skill level 10 in Maces & Flails
  4775 | D:5      | Found an ancient bone altar of Kikubaaqudgha.
  4857 | D:5      | Found a basalt altar of Yredelemnul.
  4892 | D:5      | Found a shimmering blue altar of Sif Muna.
  5396 | D:6      | Reached XP level 9. HP: 64/64 MP: 9/9
  5492 | D:6      | Noticed Eustachio
  5493 | D:6      | Reached skill level 11 in Maces & Flails
  5507 | D:6      | Killed Eustachio
  5729 | D:6      | Noticed Blork the orc
  5734 | D:6      | Killed Blork the orc
  6349 | D:7      | Reached skill level 12 in Maces & Flails
  6492 | D:7      | Noticed Harold
  6502 | D:7      | You fall into a shaft and drop 2 floors!
  6538 | D:9      | Noticed a tarantella
  6916 | D:8      | Found Maummowo's Neck Hole.
  6924 | D:8      | Bought a scarf of repulsion for 180 gold pieces
  7185 | D:8      | You fall into a shaft and drop 1 floor!
  7189 | D:9      | Found a flagged portal.
  7196 | Bailey   | Entered a bailey
  7204 | Bailey   | Noticed an orc knight
  7364 | Bailey   | Killed an orc knight
  7365 | Bailey   | Reached skill level 13 in Maces & Flails
  7365 | Bailey   | Reached XP level 10. HP: 41/70 MP: 5/10
  7709 | Bailey   | Reached skill level 14 in Maces & Flails
  8290 | D:9      | You fall into a shaft and drop 1 floor!
  8290 | D:10     | Entered Level 10 of the Dungeon
  8316 | D:10     | HP: 2/109 [shadow (8)]
  8318 | D:10     | Reached skill level 5 in Fighting
  8863 | D:10     | Found a staircase to the Orcish Mines.
  8900 | D:10     | Noticed a two-headed ogre
  9561 | D:10     | Reached XP level 11. HP: 75/86 MP: 11/11
  9756 | D:10     | Found a staircase to the Lair.
  9872 | D:10     | Killed a two-headed ogre
 10205 | D:10     | Identified the ring "Gomag" {rPois Str+6 Int-4 Dex+10
                  | Stlth-}
 10521 | D:9      | Reached skill level 10 in Fighting
 10752 | D:9      | Reached XP level 12. HP: 99/99 MP: 12/12
 10780 | D:9      | Found a shimmering altar of Xom.
 10981 | D:9      | Noticed a two-headed ogre
 11011 | D:9      | Killed a two-headed ogre
 11627 | D:9      | Noticed a two-headed ogre
 11635 | D:9      | Killed a two-headed ogre
 11824 | D:9      | Noticed a six-headed hydra
 11835 | D:9      | HP: 1/102 [six-headed hydra (shapeshifter) (11)]
 11836 | D:9      | Mangled by a six-headed hydra (shapeshifter)

Illustrated notes

Levels and vault maps discovered:
D:1:      co_arrival_square_in_a_square_in_a_square, layout_basic
D:2:      layout_rooms, basic_altar, uniq_sigmund
D:3:      layout_basic, serial_bayou, serial_bayou_lake_a, serial_bayou_pond_d,
          serial_bayou_pond_e, serial_bayou_pond_a, serial_bayou_pond_e,
          supply_closet_lemuel, uniq_grinder, uniq_ijyb
D:4:      layout_rooms, nzn_hepliaklqana_mist_gate, minmay_pentomino_pile
D:5:      layout_layer_cave, gammafunk_temple_overflow_forgotten,
          nicolae_overflow_quartered_altars
D:6:      layout_basic, uniq_eustachio, uniq_blork_the_orc
D:7:      layout_loops_cross, mainiacjoe_overflow_concentric_impassable,
          temple_hall, uniq_joseph, uniq_harold
D:8:      layout_loops_corners, tgw_fedhas, nicolae_shop_sticking_my_neck_out
D:9:      wander_river, layout_layer_cave, mainiacjoe_overflow_alcove_4,
          mainiacjoe_overflow_alcove_2, enter_bailey_2, st_stairs_11
D:10:     layout_long_grid, minmay_lair_entry_grove, orc_0_dummy, uniq_erica

Skill      XL: |  1  2  3  4  5  6  7  8  9 10 11 12 |
---------------+-------------------------------------+-----
Maces & Flails | 3 4 6 7 8 10 13 14 | 14.0
Fighting       | 8 10 11 | 11.8
Dodging        | 8 |  8.1
Armour         | |  3.2
Shields        | |  3.6

Action                   |  1- 3 |  4- 6 |  7- 9 | 10-12 || total
-------------------------+-------+-------+-------+-------++-------
Melee: Flail             |   104 |    63 |   362 |    90 ||   619
       Whip              |       |       |       |   285 ||   285
Throw: Stone             |     2 |     1 |       |       ||     3
       Dart              |       |       |     3 |     9 ||    12
       Boomerang         |       |       |     1 |     4 ||     5
 Abil: Shaft Self        |       |       |     1 |     2 ||     3
Evoke: Wand              |       |     6 |     1 |     1 ||     8
  Use: Potion            |       |     1 |     1 |     6 ||     8
       Scroll            |       |       |     3 |     2 ||     5
Armor: Scale mail        |     8 |       |       |       ||     8
       Gold dragon scale |    76 |    41 |   284 |    82 ||   483
       Skin              |       |       |     5 |    19 ||    24
       Plate armour      |       |       |       |    39 ||    39
Dodge: Dodged            |    27 |     8 |    45 |    48 ||   128
Block: Buckler           |    28 |    13 |    74 |    47 ||   162

Table legend: (Time is in decaauts)
 A = Elapsed time spent in this place.
 B = Non-inter-level travel time spent in this place.
 C = Inter-level travel time spent in this place.
 D = Time resting spent in this place.
 E = Time spent auto-exploring this place.
 F = Levels seen in this place.
 G = Mean time per level.
                   A        B        C        D        E       F      G
               +--------+--------+--------+--------+--------+-----+--------+
         Total |  11745 |  11533 |    212 |   3469 |   6142 |  11 | 1067.7 |
       Dungeon |  10702 |  10490 |    212 |   3180 |   5699 |  10 | 1070.2 |
        Bailey |   1043 |   1043 |      0 |    289 |    443 |   1 | 1043.0 |
               +--------+--------+--------+--------+--------+-----+--------+

Top non-repeatable levels by time:
    D:10: 2115 daAuts
     D:5: 1484 daAuts
     D:9: 1382 daAuts
     D:1: 1350 daAuts
     D:3: 1135 daAuts
  Bailey: 1043 daAuts
     D:6: 1001 daAuts
     D:2: 905 daAuts
     D:8: 631 daAuts
     D:4: 518 daAuts
     D:7: 178 daAuts
